 Dungeon Sprint DCSS version 0.26-a0-712-ga5a9c9c9d0 (webtiles) character file.

Game seed: 7601786674273348208

12656 rocky1 the Peltast (level 11, -40/107 HPs)
             Began as a Minotaur Fighter on Oct 23, 2020.
             Was the Champion of Qazlal.
             Killed from afar by an ice dragon (42 damage)
             ... with a blast of cold
             ... in the Dungeon (Sprint III: "The Ten Rune Challenge") on Nov 2, 2020.
             The game lasted 00:19:35 (3985 turns).

rocky1 the Peltast (Minotaur Fighter)               Turns: 3985, Time: 00:19:36

Health: -40/107    AC: 16    Str: 22    XL:     11   Next: 65%
Magic:  20/20      EV: 19    Int:  5    God:    Qazlal [******]
Gold:   3615       SH: 22    Dex: 12    Spells: 10/10 levels left

rFire    + . .     SeeInvis .   i - +4 long sword (holy)
rCold    . . .     Faith    .   c - +0 kite shield
rNeg     . . .     Spirit   .   a - +2 ring mail {rF+}
rPois    .         Reflect  .   (helmet restricted)
rElec    .         Harm     .   l - +0 cloak
rCorr    .         Rampage  .   C - +0 pair of gloves
MR       +....     NoTele   +   (no boots)
Stlth    ..........             (no amulet)
HPRegen  0.27/turn              (no ring)
MPRegen  0.17/turn              (no ring)

@: protected from physical damage, repel missiles
A: retaliatory headbutt, horns 2, repulsion field 1, magic resistance 1
a: Upheaval, Elemental Force, Disaster Area, Renounce Religion


You were in the Dungeon.
You worshipped Qazlal.
Qazlal was exalted by your worship.
You visited 1 branch You collected 4400 gold pieces.
You spent 785 gold pieces at shops.

Inventory:

Hand Weapons
 i - a +4 long sword of holy wrath (weapon)
 q - a +3 eveningstar of protection
Missiles
 k - 7 throwing nets (quivered)
 w - 7 javelins
Armour
 a - a +2 ring mail of fire resistance (worn)
 c - a +0 kite shield (worn)
 l - a +0 cloak (worn)
 C - a +0 pair of gloves (worn)
Jewellery
 y - an uncursed ring of protection from fire {unknown}
 A - a +6 ring of strength {unknown}
Wands
 g - a wand of flame (6)
 x - a wand of acid (22)
Scrolls
 b - a scroll of vulnerability
 j - a scroll of blinking
 m - 2 scrolls of immolation
 n - 3 scrolls of identify
 o - 2 scrolls of remove curse
 t - 2 scrolls of fear
 u - 3 scrolls of brand weapon
 v - a scroll of fog
 z - a scroll of enchant armour
 B - a scroll of amnesia {unknown}
Potions
 e - 3 potions of curing
 h - 2 potions of magic
 p - a potion of flight
 r - 2 potions of brilliance
 s - 3 potions of mutation
Miscellaneous
 d - a tin of tremorstones (3/3)


   Skills:
 + Level 13.3 Fighting
 - Level 14.0 Long Blades
 + Level 5.3 Maces & Flails
 + Level 13.3 Armour
 + Level 11.9 Dodging
 - Level 15.0 Shields
 + Level 13.9 Invocations


You had 10 spell levels left.
You didn't know any spells.
Your spell library contained the following spells:

 Spells                   Type           Power        Failure   Level
 Magic Dart               Conj           #...         58%         1
 Blink                    Tloc           N/A          75%         2
 Call Imp                 Summ           #.......     75%         2
 Slow                     Hex            #.......     75%         2
 Conjure Flame            Conj/Fire      #.......     92%         3
 Mephitic Cloud           Conj/Pois/Air  #.......     92%         3


Dungeon Overview and Level Annotations

Branches:
Dungeon (1/1)

Altars:
Cheibriados
Dithmenos
Elyvilon
Fedhas
Gozag
Hepliaklqana
Kikubaaqudgha
Makhleb
Nemelex Xobeh
Okawaru
Qazlal
Ru
Sif Muna
Trog
Uskayaw
Vehumet
Wu Jian
Xom
Yredelemnul
Zin
The Shining One
Beogh
Jiyva
Lugonu

Shops:
D ?


Innate Abilities, Weirdness & Mutations

You reflexively headbutt those who attack you in melee.
You have a pair of horns on your head.
You are surrounded by a mild repulsion field. (EV +2)
You are resistant to hostile enchantments. (MR+)


Message History

You feel more protected from physical attacks.
You hold your ground!
Your ring mail prevents you from hitting the ice dragon.
You headbutt the ice dragon, but do no damage.
The ice dragon is severely wounded.
You block the ice dragon's attack. x2
The ice dragon tramples you but does no damage.
You hit the ice dragon.
The ice dragon is severely wounded.
Your ring mail prevents you from hitting the ice dragon.
The ice dragon is severely wounded.
The ice dragon breathes frost at you. The blast of cold hits you!!!
* * * LOW HITPOINT WARNING * * *
You hit the ice dragon.
The ice dragon is severely wounded.
The ice dragon breathes frost at you.
The blast of cold hits the ice dragon.
The ice dragon resists.
The blast of cold hits you!!!
You die...

#..♣♣ ♣♣♣##+#
###'♣♣♣♣♣♣♣♣♣♣♣♣♣♣♣♣♣#
♣♣♣♣.##..##≈≈≈≈≈≈..#)☼#
♣...##.##.#≈≈≈≈≈...#)☼#
♣♣.##†##[##'≈≈≈≈≈####'#
♣†.#.##...#≈≈...○..°☼#
♣♣.##.##..#≈.(.#######
♣♣.##.#####...#()(...#
♣.....##@[....#♣♣♣._.#
########D###### #####
#D♣ #♣[ .♣ ♣. ♣♣


You could see 2 ice dragons.

Vanquished Creatures
  3 ice dragons (D)
  Erolcha (D)
  Urug (D)
  A death drake (D)
  A spriggan druid (D)
  A deep elf mage (D)
  A lindwurm (D)
  2 orc sorcerers (D)
  An orc knight (D)
  2 cane toads (D)
  A komodo dragon (D)
  A queen bee (D)
  2 tyrant leeches (D)
  3 wandering mushrooms (D)
  5 redbacks (D)
  A shadow (D)
  2 spriggans (D)
  A spatial vortex (D)
  A hydra simulacrum (D)
  2 fire dragon simulacra (D)
  3 orc warriors (D)
  A necrophage (D)
  5 two-headed ogres (D)
  A water elemental (D)
  32 killer bees (D)
  A jelly (D)
  Crazy Yiuf (D)
  4 orc priests (D)
  2 orc wizards (D)
  A necromancer (D)
  A wizard (D)
  A polar bear simulacrum (D)
  A kobold demonologist (D)
  3 humans (D)
  An ooze (D)
  6 orcs (D)
  3 rats (D)
100 creatures vanquished.

Vanquished Creatures (others)
  3 hydras (D)
  An electric eel (D)
  4 orc priests (D)
  19 plants (D)
27 creatures vanquished.

Grand Total: 127 creatures vanquished

Notes
Turn   | Place    | Note
-------+----------+-------------------------------------------
     0 | D        | rocky1 the Minotaur Fighter began the quest for the Orb.
     0 | D        | Reached XP level 1. HP: 19/19 MP: 0/0
    12 | D        | Reached skill level 1 in Dodging
    12 | D        | Reached skill level 4 in Shields
    75 | D        | Killed an eight-headed hydra
   252 | D        | Reached XP level 2. HP: 18/28 MP: 1/1
   253 | D        | Noticed Crazy Yiuf
   260 | D        | Killed Crazy Yiuf
   260 | D        | Reached skill level 5 in Fighting
   260 | D        | Reached skill level 5 in Armour
   260 | D        | Reached skill level 5 in Shields
   260 | D        | Reached XP level 3. HP: 12/36 MP: 2/2
   294 | D        | Gained mutation: You are resistant to hostile enchantments.
                  | (MR+) [potion of mutation]
   294 | D        | Gained mutation: You are surrounded by a mild repulsion
                  | field. (EV +2) [potion of mutation]
   553 | D        | Noticed a water elemental
   559 | D        | Killed a water elemental
   559 | D        | Reached skill level 5 in Long Blades
   559 | D        | Reached skill level 6 in Shields
   559 | D        | Reached XP level 4. HP: 44/44 MP: 3/3
   733 | D        | Reached XP level 5. HP: 45/51 MP: 4/4
   865 | D        | Noticed a shadow
   876 | D        | Killed a shadow
   876 | D        | Reached skill level 7 in Shields
   876 | D        | Reached XP level 6. HP: 5/61 MP: 5/5
  1160 | D        | Found a blossoming altar of Fedhas.
  1160 | D        | Found a stormy altar of Qazlal.
  1160 | D        | Found a snail-covered altar of Cheibriados.
  1160 | D        | Found a burning altar of Makhleb.
  1160 | D        | Found a shimmering altar of Xom.
  1161 | D        | Found a hazy altar of Hepliaklqana.
  1161 | D        | Found an opulent altar of Gozag.
  1161 | D        | Found a sparkling altar of Nemelex Xobeh.
  1161 | D        | Found a corrupted altar of Lugonu.
  1161 | D        | Found a viscous altar of Jiyva.
  1161 | D        | Noticed a spatial vortex
  1166 | D        | Became a worshipper of Qazlal Stormbringer
  1183 | D        | Killed a spatial vortex
  1183 | D        | Reached skill level 8 in Shields
  1204 | D        | Found a basalt altar of Yredelemnul.
  1204 | D        | Found a shadowy altar of Dithmenos.
  1204 | D        | Found a sacrificial altar of Ru.
  1214 | D        | Reached * piety under Qazlal
  1214 | D        | Reached XP level 7. HP: 69/69 MP: 6/6
  1231 | D        | Found a hide-covered altar of Uskayaw.
  1231 | D        | Found a roughly hewn altar of Beogh.
  1231 | D        | Found an iron altar of Okawaru.
  1231 | D        | Found a bloodstained altar of Trog.
  1231 | D        | Found an ornate altar of the Wu Jian Council.
  1231 | D        | Noticed a human
  1231 | D        | Noticed a human
  1245 | D        | Killed a human
  1245 | D        | Reached skill level 9 in Shields
  1249 | D        | Killed a human
  1249 | D        | Reached skill level 10 in Shields
  1407 | D        | Found a radiant altar of Vehumet.
  1407 | D        | Found a shimmering blue altar of Sif Muna.
  1407 | D        | Found an ancient bone altar of Kikubaaqudgha.
  1414 | D        | Reached ** piety under Qazlal
  1422 | D        | Reached skill level 10 in Long Blades
  1439 | D        | Found a glowing silver altar of Zin.
  1439 | D        | Found a glowing golden altar of the Shining One.
  1439 | D        | Found a white marble altar of Elyvilon.
  1440 | D        | Noticed a deep elf mage
  1443 | D        | Noticed a redback
  1443 | D        | Noticed a demonic crawler
  1445 | D        | Killed a deep elf mage
  1445 | D        | Reached skill level 11 in Shields
  1445 | D        | Reached skill level 5 in Invocations
  1445 | D        | Reached XP level 8. HP: 64/77 MP: 9/11
  1529 | D        | Reached *** piety under Qazlal
  1720 | D        | Noticed a two-headed ogre
  1726 | D        | Killed a two-headed ogre
  1726 | D        | Reached skill level 12 in Shields
  1788 | D        | Noticed a two-headed ogre
  1788 | D        | Noticed Erolcha
  1800 | D        | Killed Erolcha
  1800 | D        | Reached skill level 13 in Shields
  1800 | D        | Reached XP level 9. HP: 74/82 MP: 12/14
  1812 | D        | Killed a two-headed ogre
  1812 | D        | Reached **** piety under Qazlal
  1837 | D        | Noticed an orc knight
  1874 | D        | Killed an orc knight
  1887 | D        | Reached skill level 14 in Shields
  1891 | D        | Noticed an orc sorcerer
  1894 | D        | Noticed an orc sorcerer
  1897 | D        | Killed an orc sorcerer
  1897 | D        | Reached skill level 10 in Invocations
  1897 | D        | Killed an orc sorcerer
  1897 | D        | Reached ***** piety under Qazlal
  1897 | D        | Reached XP level 10. HP: 39/90 MP: 4/17
  1903 | D        | Reached skill level 15 in Shields
  2138 | D        | Upgraded the game from 0.26-a0-683-g5206c1d7ac to
                  | 0.26-a0-712-ga5a9c9c9d0
  2165 | D        | Found Fimeng's Magic Scroll Emporium.
  2184 | D        | Bought a scroll of fear for 35 gold pieces
  2184 | D        | Bought 3 scrolls of brand weapon for 600 gold pieces
  2184 | D        | Bought a scroll of fog for 20 gold pieces
  2237 | D        | Bought a scroll of immolation for 35 gold pieces
  2237 | D        | Bought a scroll of vulnerability for 75 gold pieces
  2237 | D        | Bought a scroll of identify for 20 gold pieces
  2449 | D        | Reached ****** piety under Qazlal
  2537 | D        | Reached skill level 10 in Fighting
  2537 | D        | Reached skill level 10 in Armour
  2755 | D        | Killed a six-headed hydra
  2823 | D        | Noticed a cane toad
  2823 | D        | Noticed a cane toad
  2832 | D        | Killed a cane toad
  2848 | D        | Killed a cane toad
  2848 | D        | Reached skill level 10 in Dodging
  2892 | D        | Killed a six-headed hydra
  3069 | D        | Reached XP level 11. HP: 75/102 MP: 19/19
  3082 | D        | Noticed a lindwurm
  3093 | D        | Killed a lindwurm
  3256 | D        | Noticed Urug
  3279 | D        | Killed Urug
  3303 | D        | Noticed a death drake
  3323 | D        | Killed a death drake
  3323 | D        | Reached skill level 1 in Maces & Flails
  3680 | D        | Found a blossoming altar of Fedhas.
  3680 | D        | Noticed a spriggan druid
  3698 | D        | Killed a spriggan druid
  3760 | D        | Noticed an ice dragon
  3770 | D        | Noticed an ice dragon
  3779 | D        | Killed an ice dragon
  3779 | D        | Noticed an ice dragon
  3782 | D        | Killed an ice dragon
  3783 | D        | Killed an ice dragon
  3783 | D        | Reached skill level 5 in Maces & Flails
  3975 | D        | Noticed an ice dragon
  3979 | D        | Noticed an ice dragon
  3984 | D        | HP: 1/107 [ice dragon/blast of cold (45)]
  3985 | D        | Killed from afar by an ice dragon

Illustrated notes

Levels and vault maps discovered:
D:        dungeon_sprint_mu [sprint_mu_entry_cave, sprint_mu_temple_rooms,
          sprint_mu_d1_spiders, sprint_mu_d2_genie, sprint_mu_d3_branching,
          sprint_mu_orc_legion, sprint_mu_elf_gauntlet, sprint_mu_hive_nellie,
          sprint_mu_lair_fedhas, sprint_mu_vaults_butterflies,
          sprint_mu_slime_circle, sprint_mu_swamp_cave, sprint_mu_shoals_archi,
          sprint_mu_blade_basic, sprint_mu_crypt_chambers,
          sprint_mu_tomb_spiral, sprint_mu_vestibule_basic,
          sprint_mu_gehenna_hellfire, sprint_mu_dis_giant,
          sprint_mu_tartarus_statrot, sprint_mu_cocytus_islands, sprint_mu_zot1]

Skill      XL: |  1  2  3  4  5  6  7  8  9 10 11 |
---------------+----------------------------------+-----
Fighting       | 4 5 6 7 8 11 13 | 13.3
Long Blades    | 3 4 5 7 8 11 12 14 | 14.0
Armour         | 4 5 6 7 8 11 13 | 13.3
Dodging        | 2 3 4 6 7 10 11 | 11.9
Shields        | 4 5 6 7 8 11 13 14 15 | 15.0
Invocations    | 5 8 10 12 13 | 13.9
Maces & Flails | 5 |  5.3

Action                   |  1- 3 |  4- 6 |  7- 9 | 10-12 || total
-------------------------+-------+-------+-------+-------++-------
Melee: Long sword        |    35 |    35 |   102 |   283 ||   455
       Headbutt          |     6 |     6 |    25 |    49 ||    86
Invok: Upheaval          |       |       |     3 |    10 ||    13
       Disaster Area     |       |       |       |     1 ||     1
  Use: Potion            |     3 |     1 |     1 |     1 ||     6
       Scroll            |       |       |       |     4 ||     4
Armor: Scale mail        |     6 |     4 |     4 |       ||    14
       Ring mail         |       |       |       |    16 ||    16
Dodge: Dodged            |     7 |     6 |    23 |    73 ||   109
Block: Kite shield       |    11 |     6 |    59 |   190 ||   266
       Rpst.: Long sword |     1 |       |     3 |    14 ||    18

Table legend: (Time is in decaauts)
 A = Elapsed time spent in this place.
 B = Non-inter-level travel time spent in this place.
 C = Inter-level travel time spent in this place.
 D = Time resting spent in this place.
 E = Time spent auto-exploring this place.
 F = Levels seen in this place.
 G = Mean time per level.
                   A        B        C        D        E       F      G
               +--------+--------+--------+--------+--------+-----+--------+
         Total |   3901 |   3901 |      0 |   2743 |      0 |   1 | 3901.0 |
       Dungeon |   3901 |   3901 |      0 |   2743 |      0 |   1 | 3901.0 |
               +--------+--------+--------+--------+--------+-----+--------+

Top non-repeatable levels by time:
       D: 3901 daAuts
